 Dungeon Crawl Stone Soup version 0.30.0-16-gbe6223bb7e (webtiles) character file.

Game seed: 6295715897063601780

10439 Demosthentine the Fighter (level 11, -5/80 HPs)
             Began as a Demonspawn Gladiator on May 20, 2023.
             Was a High Priest of Hepliaklqana.
             Slain by a very large slime creature (50 damage)
             ... on level 12 of the Dungeon.
             The game lasted 00:08:25 (10391 turns).

Demosthentine the Fighter (Demonspawn Gladiator)   Turns: 10391, Time: 00:08:25

Health: -5/80      AC: 17    Str: 17    XL:     11   Next: 36%
Magic:  16/16      EV: 18    Int:  9    God:    Hepliaklqana [*****.]
Gold:   622        SH:  0    Dex: 21    Spells: 10/10 levels left

rFire   . . .        a - +1 trident (protect)
rCold   . . .        (no shield)
rNeg    . . .        x - +0 troll leather armour
rPois   .            c - +1 helmet
rElec   .            (no cloak)
rCorr   .            (no gloves)
SInv    .            j - +2 pair of boots
Will    .....        (no amulet)
Stlth   ++++         (no ring)
HPRegen 1.13/turn    (no ring)
MPRegen 0.15/turn

%: no passive effects
@: under a protective aura
A: reduced essence, thin skeletal structure 2, demonic guardian 1, spiny 1,
weakness stinger 2
a: Renounce Religion, Recall Ancestor, Ancestor Identity, Transference, Idealise


You were on level 12 of the Dungeon.
You worshipped Hepliaklqana.
Hepliaklqana was extremely pleased with you.
You visited 2 branches of the dungeon, and saw 13 of its levels.

You collected 622 gold pieces.

Inventory:

Hand Weapons
 a - a +1 trident of protection (weapon)
Missiles
 d - 4 throwing nets (quivered)
 e - 11 javelins
 q - 23 poisoned darts
 B - 5 atropa-tipped darts
 F - 4 silver javelins
 I - 2 curare-tipped darts
Armour
 c - a +1 helmet (worn)
 j - a +2 pair of boots (worn)
 x - a +0 troll leather armour (worn)
Jewellery
 n - a +6 ring of intelligence
 y - an amulet of magic regeneration
Wands
 C - a wand of polymorph (6)
 E - a wand of roots (6)
 H - a wand of paralysis (5)
Scrolls
 g - 3 scrolls of enchant weapon
 o - 2 scrolls of enchant armour
 r - 4 scrolls of teleportation
 s - 4 scrolls of magic mapping
 v - 2 scrolls of fear
 D - a scroll of blinking
 J - 3 scrolls of identify
 K - a scroll of amnesia
Potions
 b - 3 potions of haste {unknown}
 f - a potion of lignification
 h - 4 potions of mutation {unknown}
 i - 2 potions of might
 k - 5 potions of curing {unknown}
 l - a potion of berserk rage
 m - a potion of resistance
 p - 2 potions of degeneration {unknown}
 t - a potion of ambrosia
 u - a potion of brilliance {unknown}
 w - 2 potions of attraction {unknown}
 z - 2 potions of flight {unknown}
 A - a potion of heal wounds
 G - a potion of magic {unknown}


   Skills:
 + Level 9.3 Fighting
 + Level 8.8 Polearms
 - Level 1.7 Throwing
 - Level 6.0 Armour
 + Level 8.8 Dodging
 + Level 7.8 Invocations


You had 10 spell levels left.
You didn't know any spells.
Your spell library contained the following spells:

 Spells                   Type           Power      Damage    Failure   Level
 Sublimation of Blood     Necr           0%         N/A       58%         2
 Call Canine Familiar     Summ           0%         N/A       82%         3
 Portal Projectile        Hex/Tloc       0%         N/A       82%         3
 Tukima's Dance           Hex            0%         N/A       82%         3
 Leda's Liquefaction      Hex/Erth       0%         N/A       99%         4
 Petrify                  Tmut/Erth      0%         N/A       99%         4
 Blade Hands              Tmut           0%         N/A       100%        5
 Irradiate                Conj/Tmut      0%         3d11      100%        5
 Summon Forest            Summ/Tloc      0%         N/A       100%        5
 Eringya's Noxious Bog    Tmut/Pois      0%         N/A       100%        6
 Summon Hydra             Summ           0%         N/A       100%        7


Dungeon Overview and Level Annotations

Branches:
Dungeon (12/15)            Temple (1/1) D:6            Lair (0/5) D:10
    Orc (0/2) D:9

Altars:
Ashenzari
Cheibriados
Dithmenos
Fedhas
Gozag
Hepliaklqana
Kikubaaqudgha
Makhleb
Nemelex Xobeh
Okawaru
Qazlal
Ru
Sif Muna
Uskayaw
Vehumet
Wu Jian
Xom
Yredelemnul

Portals:
Trove: D:10 (show slimy rune of Zot)


Innate Abilities, Weirdness & Mutations

Your life essence is reduced to manifest your ancestor. (-10% HP)
You have a moderately thin skeletal structure. (Dex +4, Stealth++)
A weak demonic guardian rushes to your aid.
You are partially covered in sharp spines.
You have a tail ending in a sharp stinger.


Message History

Your white imp dies!
Your white imp disappears in a puff of smoke!
Nammahani hits the slime creature with a +0 dagger of draining!
A slime creature comes into view.
Unknown command.
You hit the slime creature but do no damage.
You tail-slap the slime creature!
You kill the slime creature!
Nammahani hits the large slime creature with a +0 dagger of draining!
Unknown command.
You reach to attack!
You hit the large slime creature.
The large slime creature is lightly wounded.
Nammahani casts a spell at the large slime creature.
The large slime creature easily resists.
Unknown command.
You hit the large slime creature.
The large slime creature is lightly wounded.
The large slime creature is struck by your spines.
The large slime creature hits you.
Two slime creatures merge to form a very large slime creature.
Nammahani points at the very large slime creature and mumbles some strange words.
The very large slime creature easily resists.
Unknown command.
Unknown command.
You puncture the very large slime creature!
The very large slime creature is lightly wounded.
Nammahani gestures at the very large slime creature while chanting.
The very large slime creature easily resists.
You hit the very large slime creature.
The very large slime creature is lightly wounded.
Nammahani gestures at the very large slime creature while chanting.
The very large slime creature easily resists.
Unknown command.
You hit the very large slime creature.
Your tail-slap misses the very large slime creature.
The very large slime creature is moderately wounded.
The very large slime creature is struck by your spines.
The very large slime creature hits you!!!
Ouch! That really hurt!
You die...

#......######..........
#......................
#......................
###......................
..........#####..........
..........# ##########.
.####....# +. #....# #.
#..@.# #. #.....'..JR#
#.....#....#
#....####.... #...#
##...J. #... ...... #.)
...... #. .....(


You could see the friendly Nammahani the hexer and a very large slime creature
(ally target).

Vanquished Creatures
  A two-headed ogre (D:10)
  A deep elf pyromancer (D:12)
  An ugly thing (D:11)
  A gargoyle (D:11)
  2 kobold demonologists (D:11)
  3 trolls
  A hornet (D:7)
  3 slime creatures (D:12)
  2 shadows
  A wyvern (D:11)
  A steam dragon (D:6)
  A warg (D:9)
  A water moccasin (D:7)
  3 orc warriors
  2 sky beasts (D:8)
  An ice beast (D:5)
  2 black bears
  2 centaurs
  A phantom (D:3)
  3 kobold brigands
  A bullfrog (D:7)
  3 scorpions
  3 wights (D:10)
  9 killer bees
  2 howler monkeys
  3 hounds
  4 orc priests
  3 jellies
  A hexer (D:11)
  2 sleepcaps
  4 iguanas
  6 orc wizards
  2 gnolls
  2 adders
  A worm (D:2)
  3 dart slugs
  24 orcs
  7 ball pythons
  11 endoplasms
  2 giant cockroaches
  5 goblins
  8 hobgoblins
  3 quokkas
  2 bats
  4 frilled lizards
  7 kobolds
  6 rats (D:1)
161 creatures vanquished.

Vanquished Creatures (collateral kills)
  A cyclops (D:11)
  An unseen horror (D:12)
  3 trolls
  2 hornets (D:10)
  A shadow (D:11)
  A wyvern (D:7)
  3 acid dragons
  2 ice beasts
  An orc warrior (D:9)
  An ogre (D:6)
  A centaur (D:9)
  A scorpion (D:6)
  2 wights (D:10)
  A killer bee (D:7)
  A howler monkey (D:11)
  A gnoll bouda (D:7)
  5 orc priests
  An iguana (D:7)
  4 orc wizards
  A sleepcap (D:4)
  2 gnolls (D:7)
  A white imp (D:8)
  An ufetubus (D:6)
  8 orcs
  A hobgoblin (D:9)
  A quokka (D:5)
  A kobold (D:4)
49 creatures vanquished.

Vanquished Creatures (others)
  2 hexers
  An ancestor (D:5)
3 creatures vanquished.

Grand Total: 213 creatures vanquished

Notes
Turn   | Place    | Note
-------+----------+-------------------------------------------
     0 | D:1      | Demosthentine the Demonspawn Gladiator began the quest for
                  | the Orb.
     0 | D:1      | Reached XP level 1. HP: 16/16 MP: 1/1
   211 | D:1      | Gained mutation: You are partially covered in sharp spines.
                  | [demonic ancestry]
   211 | D:1      | Reached XP level 2. HP: 22/22 MP: 2/2
   776 | D:2      | Reached skill level 1 in Armour
   798 | D:2      | Reached XP level 3. HP: 28/28 MP: 3/3
   969 | D:2      | Found a shimmering blue altar of Sif Muna.
  1047 | D:2      | Identified the +1 hand axe of the Traitor {flame, rF+}
  1246 | D:3      | Noticed a phantom
  1275 | D:3      | Killed a phantom
  1276 | D:3      | Gained mutation: A weak demonic guardian rushes to your
                  | aid. [demonic ancestry]
  1276 | D:3      | Reached XP level 4. HP: 10/34 MP: 4/4
  1392 | D:3      | Reached skill level 3 in Fighting
  1602 | D:3      | Found a hazy altar of Hepliaklqana.
  1632 | D:3      | Found a faded altar of an unknown god.
  1742 | D:3      | Became a worshipper of Hepliaklqana the Forgotten
  1854 | D:3      | HP: 1/35 [orc priest/divine providence (13)]
  1855 | D:3      | Reached XP level 5. HP: 1/41 MP: 5/5
  1860 | D:3      | Found a burning altar of Makhleb.
  2787 | D:4      | Gained mutation: You have a somewhat thin skeletal
                  | structure. (Dex +2, Stealth+) [demonic ancestry]
  2787 | D:4      | Reached XP level 6. HP: 40/47 MP: 6/6
  3110 | D:4      | Reached * piety under Hepliaklqana
  3452 | D:5      | Entered Level 5 of the Dungeon
  3473 | D:5      | Reached skill level 4 in Fighting
  3518 | D:5      | Reached XP level 7. HP: 18/48 MP: 7/7
  3718 | D:5      | Found a sparkling altar of Nemelex Xobeh.
  4040 | D:5      | Reached ** piety under Hepliaklqana
  4041 | D:5      | Remembered your ancestor Nammahani as a hexer
  4403 | D:6      | Reached skill level 5 in Polearms
  4403 | D:6      | Reached skill level 5 in Dodging
  4403 | D:6      | Gained mutation: You have a small tail. [demonic ancestry]
  4403 | D:6      | Reached XP level 8. HP: 52/54 MP: 8/8
  4412 | D:6      | Reached skill level 5 in Fighting
  4655 | D:6      | Found a broken altar of Ashenzari.
  4722 | D:6      | Found a staircase to the Ecumenical Temple.
  4736 | Temple   | Entered the Ecumenical Temple
  5074 | D:7      | Reached skill level 6 in Fighting
  5074 | D:7      | Reached skill level 5 in Armour
  5213 | D:7      | Reached XP level 9. HP: 62/62 MP: 9/9
  5352 | D:7      | Found a stormy altar of Qazlal.
  5533 | D:7      | Found a radiant altar of Vehumet.
  5888 | D:7      | Found a snail-covered altar of Cheibriados.
  6135 | D:7      | Found a shimmering blue altar of Sif Muna.
  6138 | D:7      | Found a sacrificial altar of Ru.
  6711 | D:8      | Found an iron altar of Okawaru.
  6761 | D:8      | Reached *** piety under Hepliaklqana
  6880 | D:8      | Reached skill level 7 in Fighting
  7072 | D:8      | Found a basalt altar of Yredelemnul.
  7371 | D:9      | Reached skill level 1 in Invocations
  7491 | D:9      | Found a staircase to the Orcish Mines.
  7499 | D:9      | Noticed a troll
  7509 | D:9      | Killed a troll
  7600 | D:9      | Noticed a troll
  7608 | D:9      | Killed a troll
  7609 | D:9      | Gained mutation: You have a tail ending in a sharp stinger.
                  | [demonic ancestry]
  7609 | D:9      | Reached XP level 10. HP: 63/71 MP: 10/12
  7660 | D:9      | Reached **** piety under Hepliaklqana
  8555 | D:10     | Entered Level 10 of the Dungeon
  8755 | D:10     | Reached skill level 8 in Fighting
  8757 | D:10     | HP: 3/72 [poisoned by a hornet]
  8891 | D:10     | Found a portal to a secret trove of treasure.
  9004 | D:10     | Reached skill level 5 in Invocations
  9072 | D:10     | Noticed a two-headed ogre
  9080 | D:10     | Killed a two-headed ogre
  9128 | D:10     | Found a staircase to the Lair.
  9146 | D:10     | Reached ***** piety under Hepliaklqana
  9522 | D:11     | Noticed a cyan ugly thing
  9541 | D:11     | Killed a cyan ugly thing
  9645 | D:11     | Noticed a gargoyle
  9659 | D:11     | Killed a gargoyle
  9724 | D:11     | Noticed a cyclops
  9734 | D:11     | Killed a cyclops
  9735 | D:11     | Gained mutation: You have a moderately thin skeletal
                  | structure. (Dex +4, Stealth++) [demonic ancestry]
  9735 | D:11     | Reached XP level 11. HP: 78/78 MP: 14/16
 10037 | D:11     | Noticed a sixfirhy
 10039 | D:11     | Noticed a soul eater
 10052 | D:11     | Reached skill level 9 in Fighting
 10311 | D:12     | Noticed a deep elf pyromancer
 10319 | D:12     | Killed a deep elf pyromancer
 10391 | D:12     | Slain by a very large slime creature

Illustrated notes

Levels and vault maps discovered:
D:1:      ncdulo_halloftheorcs, layout_basic
D:2:      cheibrodos_old_hovel, layout_rooms, basic_altar, minmay_tromino_v7
D:3:      minmay_inner_zag, layout_basic, lemuel_coloured_pillars_altar,
          mainiacjoe_overflow_alcove_4, old_standard_altar,
          shapermc_ecumenical_altar_ellora
D:4:      layout_basic, hangedman_decor_push
D:5:      layout_loops_cross, nicolae_overflow_crystal_walls,
          overflow_temple_1_default
D:6:      layout_rooms, mainiacjoe_overflow_surrounded_room,
          minmay_temple_entry_waves
D:7:      layout_basic, lemuel_doored_altar, old_standard_altar,
          nicolae_overflow_hidden_temple, elyvilon_altar_3, lemuel_crystal_altar
D:8:      layout_basic, mainiacjoe_overflow_brackets, general_overflow_altar
D:9:      layout_basic, erik_orc_4, serial_aquarium,
          aquarium_bridge_long_separate [aquarium_subvault_bridge,
          aquarium_subvault_bridge, aquarium_subvault_wall,
          aquarium_subvault_window, aquarium_subvault_bridge,
          aquarium_subvault_bridge], aquarium_bridge_straight
          [aquarium_subvault_bridge, aquarium_subvault_window,
          aquarium_subvault_bridge, aquarium_subvault_wall],
          aquarium_window_fake, aquarium_window_fake, aquarium_window_1,
          aquarium_view_2d, aquarium_view_2f
D:10:     layout_irregular_city, lair_entry_dummy, enter_trove_0,
          grunt_ministairs_1, lightli_orcish_oven
D:11:     layout_small_grid
D:12:     layout_irregular_city, eino_small_chamber_without_monster,
          uniq_erolcha
Temple:   nicolae_temple_bog_church

Skill      XL: |  1  2  3  4  5  6  7  8  9 10 11 |
---------------+----------------------------------+-----
Polearms       | 3 4 5 6 7 8 |  8.8
Armour         | 1 2 3 4 5 6 |  6.0
Dodging        | 3 4 5 6 7 8 |  8.8
Fighting       | 3 4 6 7 8 9 |  9.3
Invocations    | 3 6 7 |  7.8
Throwing       | |  1.7

Action                     |  1- 3 |  4- 6 |  7- 9 | 10-12 || total
---------------------------+-------+-------+-------+-------++-------
  Melee: Trident           |    94 |   108 |   224 |   223 ||   649
         Punch             |       |       |     4 |     5 ||     9
         Tailslap          |       |       |    16 |    29 ||    45
 Invoke: Ancestor Life: He |       |       |     1 |       ||     1
    Use: Scroll            |     5 |     6 |     6 |     3 ||    20
         Potion            |       |     1 |       |     3 ||     4
   Stab: Sleeping          |     3 |     2 |     6 |     3 ||    14
         Distracted        |       |       |     3 |     1 ||     4
         Confused          |       |       |     7 |     3 ||    10
 Armour: Leather armour    |    15 |    16 |     8 |       ||    39
         Steam dragon scal |       |       |    21 |       ||    21
         Troll leather arm |       |       |       |    40 ||    40
  Dodge: Dodged            |    31 |    61 |   108 |   120 ||   320
